 Dungeon Crawl Stone Soup version 0.27-a0-869-g165b36e3f0 (webtiles) character file.

Game seed: 16234065239753211020

1431 n0claF the Skirmisher (level 8, 0/71 HPs)
             Began as a Ghoul Fighter on Apr 2, 2021.
             Was an Initiate of Makhleb.
             Slain by a bullfrog zombie (5 damage)
             ... on level 6 of the Dungeon.
             The game lasted 00:17:32 (8462 turns).

n0claF the Skirmisher (Ghoul Fighter)               Turns: 8462, Time: 00:17:33

Health: 0/71       AC:  7    Str: 22    XL:     8   Next: 73%
Magic:  7/7        EV:  8    Int:  3    God:    Makhleb [......]
Gold:   280        SH: 10    Dex: 14    Spells: 7/7 levels left

rFire    . . .     SeeInvis .   x - +4 dagger (venom)
rCold    + . .     Faith    .   c - +0 kite shield
rNeg     + + +     Spirit   .   b - +0 scale mail
rPois    ∞         Reflect  .   (no helmet)
rElec    .         Harm     .   (no cloak)
rCorr    .         Rampage  .   (no gloves)
Will     .....                  (no boots)
Stlth    ..........             (no amulet)
HPRegen  0.00/turn              g - +6 ring of dexterity
MPRegen  0.10/turn              (no ring)

@: coronaed, glowing
A: claws 1, cold resistance 1, negative energy resistance 3, inhibited
regeneration, torment resistance 2, unbreathing 1
a: Renounce Religion


You were on level 6 of the Dungeon.
You worshipped Makhleb.
Makhleb was noncommittal.
You visited 2 branches of the dungeon, and saw 7 of its levels.
You also visited: Sewer and Ossuary.

You collected 280 gold pieces.

Inventory:

Hand Weapons
 a - a +0 war axe
 m - a +0 vorpal mace
   (You found it on level 1 of the Dungeon)
 x - a +4 dagger of venom (weapon)
   (You took it off Jessica on level 3 of the Dungeon)
Missiles
 n - 6 atropa-tipped darts (quivered)
Armour
 b - a +0 scale mail (worn)
 c - a +0 kite shield (worn)
Jewellery
 g - a +6 ring of dexterity (left claw)
   (You found it on level 1 of the Dungeon)
Wands
 t - a wand of flame (20)
   (You found it on level 3 of the Dungeon)
Scrolls
 e - 2 scrolls of enchant armour {unknown}
 f - 7 scrolls of identify {unknown}
 k - a scroll of fog {unknown}
 o - a scroll of acquirement {unknown}
 p - 4 scrolls of teleportation {@r4}
 u - a scroll of blinking {unknown}
 v - a scroll of fear {unknown}
 y - a scroll of summoning {unknown}
 B - a scroll of holy word {unknown}
Potions
 d - a potion of might
 h - a potion of resistance {unknown}
 i - 2 potions of curing {unknown}
 j - 3 potions of haste {unknown}
 l - 2 potions of invisibility {unknown}
 q - 2 potions of heal wounds {unknown}
 r - a potion of attraction {unknown}
 s - 4 potions of flight {unknown}
 w - a potion of ambrosia {unknown}
 z - a potion of cancellation {unknown}
 A - 2 potions of lignification {unknown}


   Skills:
 + Level 6.5 Fighting
 + Level 3.4 Short Blades
 - Level 2.1(2.6) Axes
 - Level 2.1(2.6) Maces & Flails
 + Level 5.5 Armour
 + Level 5.4 Shields
 + Level 0.3 Invocations


You had 7 spell levels left.
You didn't know any spells.
Your spell library was empty.

Dungeon Overview and Level Annotations

Branches:
Dungeon (6/15)             Temple (1/1) D:5           Sewer (visited)
Ossuary (visited)

Altars:
Ashenzari
Cheibriados
Dithmenos
Elyvilon
Fedhas
Gozag
Hepliaklqana
Kikubaaqudgha
Makhleb
Nemelex Xobeh
Okawaru
Qazlal
Sif Muna
Uskayaw
Vehumet
Wu Jian
Xom
Yredelemnul
Zin

Annotations:
D:6 Duvessa


Innate Abilities, Weirdness & Mutations

You thrive by killing the living.
You are immune to poison.
You have sharp fingernails.
Your flesh is cold resistant. (rC+)
You are immune to negative energy. (rN+++)
You do not regenerate when monsters are visible.
You are immune to unholy pain and torment.
You can survive without breathing.


Message History

Dowan barely misses you.
You barely miss Dowan.
Dowan gestures at Duvessa while chanting.
Duvessa seems to speed up.
You hit Dowan.
Dowan looks as sick as possible!
Duvessa says, "Practise, practise, practise!
One day you'll be as good as me." Dowan closely misses you.
You hit Dowan. You block the bullfrog zombie's attack.
You closely miss Dowan. The bullfrog zombie closely misses you.
You block the adder's attack.
Dowan points at you and mumbles some strange words.
You are outlined in light.
You block the bullfrog zombie's attack. Duvessa hits you with a +0 short sword.
You hit Dowan.
Dowan looks as sick as possible!
You block the adder's attack. Duvessa hits you with a +0 short sword.
You block the bullfrog zombie's attack. The adder barely misses you.
You block Dowan's attack.
You puncture Dowan!
You kill Dowan!
Makhleb accepts your kill.
You feel better.
Duvessa screams in rage.
Duvessa goes berserk!
You block Duvessa's attack.
The bullfrog zombie hits you but does no damage.
You block the adder's attack. Duvessa barely misses you.
You hit Duvessa but do no damage. The bullfrog zombie hits you.
The adder bites you but does no damage.
Duvessa hits you with a +0 short sword!!
The bullfrog zombie hits you but does no damage.
The adder bites you but does no damage. You block Duvessa's attack.
The bullfrog zombie hits you but does no damage.
Duvessa hits you with a +0 short sword!
Things that are here:
a +0 dagger; a +0 robe You barely miss Duvessa.
The bullfrog zombie hits you. The adder barely misses you.
Duvessa hits you with a +0 short sword!
* * * LOW HITPOINT WARNING * * *
You hit Duvessa. Duvessa hits you with a +0 short sword!
* * * LOW HITPOINT WARNING * * *
The bullfrog zombie hits you.
* * * LOW HITPOINT WARNING * * *
You block the adder's attack. Duvessa hits you with a +0 short sword!
* * * LOW HITPOINT WARNING * * *
You block the bullfrog zombie's attack. The adder bites you.
* * * LOW HITPOINT WARNING * * *
You hit Duvessa but do no damage.
Duvessa is poisoned.
Duvessa hits you with a +0 short sword.
* * * LOW HITPOINT WARNING * * *
The bullfrog zombie hits you.
You die...

#.## ...#
...#####......####
##.....##......#...
##...............$..
#<..................
#..................>
#..SZ...............
#..@e.......Z....#
................<.S..#
#####................#
##......[.......##
##.....##.....##
##############


You could see Duvessa (berserk, fast, very poisoned), an adder and a bullfrog
zombie.

Vanquished Creatures
  2 ogres
  A black bear (D:4)
  2 phantoms
  6 water moccasin zombies (Ossuary)
  Dowan (D:6)
  A howler monkey (D:2)
  A hound (D:5)
  An orc priest (D:3)
  2 jellies (D:4)
  A bullfrog skeleton (D:5)
  Jessica (D:3)
  A scorpion zombie (D:5)
  3 iguanas
  An orc wizard (D:3)
  A hound zombie (D:5)
  3 mummies
  7 adders
  A white imp (D:5)
  2 ufetubi
  4 adder zombies
  3 worms
  4 dart slugs
  8 orcs
  10 endoplasms
  9 giant cockroaches
  9 goblins
  3 hobgoblins
  8 jackals
  3 quokkas
  10 ball pythons
  9 bats
  12 frilled lizards
  3 gnoll zombies (Ossuary)
  3 hobgoblin zombies (Ossuary)
  14 kobolds
  5 kobold zombies (Ossuary)
  An orc zombie (Ossuary)
  12 rats
  2 bushes (D:3)
170 creatures vanquished.

Vanquished Creatures (others)
  8 plants (D:3)
8 creatures vanquished.

Grand Total: 178 creatures vanquished

Notes
Turn   | Place    | Note
-------+----------+-------------------------------------------
     0 | D:1      | n0claF the Ghoul Fighter began the quest for the Orb.
     0 | D:1      | Reached XP level 1. HP: 19/19 MP: 0/0
   148 | D:1      | Reached XP level 2. HP: 21/26 MP: 1/1
   438 | D:1      | Reached XP level 3. HP: 31/31 MP: 2/2
   577 | D:1      | Found a faded altar of an unknown god.
   859 | D:2      | Reached skill level 4 in Fighting
   859 | D:2      | Reached XP level 4. HP: 33/40 MP: 3/3
  1093 | D:2      | Reached skill level 1 in Maces & Flails
  1105 | D:2      | Found a shadowy altar of Dithmenos.
  1388 | D:2      | HP: 2/40 [iguana (5)]
  1390 | D:2      | Reached XP level 5. HP: 2/46 MP: 4/4
  1925 | D:3      | Found a glowing drain.
  1939 | Sewer    | Entered a sewer
  3001 | D:3      | Noticed Jessica
  3005 | D:3      | Reached XP level 6. HP: 44/53 MP: 5/5
  3008 | D:3      | Killed Jessica
  4562 | D:4      | Reached skill level 5 in Fighting
  4562 | D:4      | Reached skill level 1 in Short Blades
  4562 | D:4      | Reached XP level 7. HP: 30/61 MP: 6/6
  4989 | D:4      | Found an ancient bone altar of Kikubaaqudgha.
  5496 | D:5      | Entered Level 5 of the Dungeon
  5886 | D:5      | Reached XP level 8. HP: 56/70 MP: 7/7
  5891 | D:5      | Found a sand-covered staircase.
  5905 | Ossuary  | Entered an ossuary
  6047 | Ossuary  | Reached skill level 5 in Armour
  6355 | Ossuary  | Reached skill level 6 in Fighting
  6355 | Ossuary  | Reached skill level 5 in Shields
  7775 | D:5      | Found a staircase to the Ecumenical Temple.
  7801 | Temple   | Entered the Ecumenical Temple
  8092 | Temple   | Became a worshipper of Makhleb the Destroyer
  8409 | D:6      | Noticed Duvessa
  8413 | D:6      | Noticed Dowan
  8457 | D:6      | Killed Dowan
  8462 | D:6      | Slain by a bullfrog zombie

Illustrated notes

Levels and vault maps discovered:
D:1:      minmay_arrival_stone_box, layout_basic, ebering_ecumenical_altar_hall,
          minmay_tetromino_t4
D:2:      layout_basic, basic_altar
D:3:      layout_basic, cheibrodos_sewer_entry_sluice, lexackson_kobold_supper,
          uniq_jessica
D:4:      layout_gridville, nicolae_overflow_crystal_walls,
          minmay_misc_feat_alley
D:5:      layout_basic, minmay_temple_entry_glassed_door,
          gup_ossuary_entry_pyramid
D:6:      layout_rooms, minmay_bent, uniq_duvessa, uniq_grinder
Temple:   dpeg_five_rooms_temple

Skill      XL: |  1  2  3  4  5  6  7  8 |
---------------+-------------------------+-----
Axes           | 2 |  2.1
Shields        | 3 4 5 |  5.4
Armour         | 3 4 5 |  5.5
Fighting       | 4 5 6 |  6.5
Maces & Flails | 1 2 |  2.1
Short Blades   | 1 2 3 |  3.4
Invocations    | |  0.3

Action                   |  1- 3 |  4- 6 |  7- 9 || total
-------------------------+-------+-------+-------++-------
Melee: War axe           |    78 |       |       ||    78
       Mace              |     6 |   452 |       ||   458
       Dagger            |       |    39 |   306 ||   345
  Use: Scroll            |       |     1 |       ||     1
       Potion            |       |       |     1 ||     1
Armor: Scale mail        |    44 |   204 |    88 ||   336
Dodge: Dodged            |    25 |   112 |    83 ||   220
Block: Kite shield       |    46 |   227 |   144 ||   417

Table legend: (Time is in decaauts)
 A = Elapsed time spent in this place.
 B = Non-inter-level travel time spent in this place.
 C = Inter-level travel time spent in this place.
 D = Time resting spent in this place.
 E = Time spent auto-exploring this place.
 F = Levels seen in this place.
 G = Mean time per level.
                   A        B        C        D        E       F      G
               +--------+--------+--------+--------+--------+-----+--------+
         Total |   8876 |   8525 |    351 |   1581 |   5134 |   9 |  986.2 |
       Dungeon |   6401 |   6164 |    237 |    561 |   4190 |   6 | 1066.8 |
        Temple |    377 |    263 |    114 |      0 |    261 |   1 |  377.0 |
         Sewer |    728 |    728 |      0 |    182 |    367 |   1 |  728.0 |
       Ossuary |   1368 |   1368 |      0 |    838 |    315 |   1 | 1368.0 |
               +--------+--------+--------+--------+--------+-----+--------+

Top non-repeatable levels by time:
     D:3: 1894 daAuts
 Ossuary: 1368 daAuts
     D:4: 1246 daAuts
     D:5: 1218 daAuts
     D:2: 1150 daAuts
     D:1: 872 daAuts
   Sewer: 728 daAuts
  Temple: 377 daAuts
     D:6: 19 daAuts
